 Dungeon Crawl Stone Soup version 0.26.1-11-gd32895ea62 (webtiles) character file.

Game seed: 6328723801855776739

657 Almogavar the Slasher (level 7, -8/61 HPs)
             Began as a Minotaur Berserker on Apr 27, 2021.
             Was a Priest of Trog.
             Mangled by gnacko's ghost (11 damage)
             ... on level 4 of the Dungeon.
             The game lasted 00:09:30 (3823 turns).

Almogavar the Slasher (Minotaur Berserker)          Turns: 3823, Time: 00:09:31

Health: -8/61      AC: 10    Str: 23    XL:     7   Next: 29%
Magic:  6/6        EV: 11    Int:  4    God:    Trog [***...]
Gold:   126        SH:  3    Dex: 10    Spells: 6/6 levels left

rFire    . . .     SeeInvis .   a - +0 falchion
rCold    . . .     Faith    .   p - +0 buckler
rNeg     . . .     Spirit   .   w - +0 scale mail (curse)
rPois    .         Reflect  .   (helmet restricted)
rElec    .         Harm     .   r - +0 cloak
rCorr    .         Rampage  .   f - +0 pair of gloves
Will     .....                  (no boots)
Stlth    ..........             (no amulet)
HPRegen  0.20/turn              (no ring)
MPRegen  0.10/turn              (no ring)

@: berserk cooldown, slowed, very slow
A: retaliatory headbutt, horns 2
a: Renounce Religion, Berserk, Trog's Hand


You were on level 4 of the Dungeon.
You worshipped Trog.
Trog was most pleased with you.
You visited 1 branch of the dungeon, and saw 4 of its levels.

You collected 126 gold pieces.

Inventory:

Hand Weapons
 a - a +0 falchion (weapon)
Missiles
 e - 4 atropa-tipped darts
 s - 6 javelins
 v - 8 boomerangs
 x - 11 poisoned darts (quivered)
Armour
 c - a +0 chain mail
 f - a +0 pair of gloves (worn)
 p - a +0 buckler (worn)
 r - a +0 cloak (worn)
 w - a cursed +0 scale mail (worn)
Wands
 q - a wand of polymorph (6)
Scrolls
 h - a scroll of fear
 i - a scroll of fog
 j - 3 scrolls of remove curse {unknown}
 l - a scroll of enchant armour {unknown}
 m - a scroll of teleportation {unknown}
 t - 2 scrolls of random uselessness {unknown}
Potions
 b - 2 potions of curing
 d - 2 potions of flight {unknown}
 g - a potion of heal wounds {unknown}
 k - 2 potions of might {unknown}
 n - a potion of resistance {unknown}
 o - a potion of lignification {unknown}
 u - 2 potions of haste {unknown}
 z - a potion of magic {unknown}


   Skills:
 + Level 5.6 Fighting
 + Level 6.5 Long Blades
 + Level 0.2 Throwing
 + Level 5.7 Armour
 + Level 3.3 Dodging
 - Level 0.8 Stealth
 + Level 1.9 Shields


You had 6 spell levels left.
You didn't know any spells.
Your spell library was empty.

Dungeon Overview and Level Annotations

Branches:
Dungeon (4/15)
 Temple: D:4-7

Altars:
Fedhas
Hepliaklqana
Okawaru
Ru
Wu Jian

Annotations:
D:4 1 transporter, gnacko's ghost, amateur MiBe


Innate Abilities, Weirdness & Mutations

You reflexively headbutt those who attack you in melee.
You have a pair of horns on your head.


Message History

Unknown command.
You completely miss gnacko's ghost.
Gnacko's ghost is almost destroyed.
Gnacko's ghost hits you!
* * * LOW HITPOINT WARNING * * *
Unknown command.
You feel better.
Gnacko's ghost hits you but does no damage. x2
You completely miss gnacko's ghost. Your headbutt misses gnacko's ghost.
Gnacko's ghost is almost destroyed.
Your skin stops crawling.
You feel less strong-willed. Gnacko's ghost hits you.
* * * LOW HITPOINT WARNING * * *
Unknown command.
You completely miss gnacko's ghost. Your headbutt misses gnacko's ghost.
Gnacko's ghost is almost destroyed.
Gnacko's ghost hits you.
* * * LOW HITPOINT WARNING * * *
Gnacko's ghost hits you!
You die...

##........###..
#...........#..
########..........
#.....©#..........
#.#..#.#..........
#..##$.#..#.......
#..##..#..##......
#.#..#$#©.##......
#@WO..(#(.........
#.#..#.#©.........
#..##..#..........
#..##..#..........
#.#..#.#........##
#......#........##
########..##.#....
##...#.>....
#.....##..#


You could see an ogre and gnacko's ghost.

Vanquished Creatures
  The ghost of lasso the Conjurer, an amateur GnCj (D:3)
  A sky beast (D:3)
  A scorpion (D:2)
  An orc priest (D:4)
  A hound (D:4)
  Crazy Yiuf (D:2)
  5 worker ants (D:4)
  3 gnolls (D:4)
  6 adders
  An ooze (D:4)
  An adder zombie (D:4)
  A worm (D:4)
  4 dart slugs
  2 leopard geckos
  6 orcs
  4 giant cockroaches
  4 goblins
  5 hobgoblins
  7 jackals
  10 kobolds
  A quokka (D:3)
  A ball python (D:2)
  11 bats
  4 frilled lizards
  A quokka skeleton (D:4)
  9 rats
92 creatures vanquished.

Vanquished Creatures (others)
  4 toadstools (D:1)
4 creatures vanquished.

Grand Total: 96 creatures vanquished

Notes
Turn   | Place    | Note
-------+----------+-------------------------------------------
     0 | D:1      | Almogavar the Minotaur Berserker began the quest for the
                  | Orb.
     0 | D:1      | Reached XP level 1. HP: 19/19 MP: 0/0
   140 | D:1      | Reached XP level 2. HP: 27/27 MP: 1/1
   213 | D:1      | Reached skill level 4 in Long Blades
   562 | D:1      | Reached XP level 3. HP: 33/34 MP: 2/2
   608 | D:1      | Reached ** piety under Trog
  1006 | D:2      | Noticed a scorpion
  1007 | D:2      | Found an ornate altar of the Wu Jian Council.
  1010 | D:2      | Killed a scorpion
  1011 | D:2      | Reached XP level 4. HP: 36/41 MP: 3/3
  1605 | D:2      | Found a runed translucent door.
  1606 | D:2      | Noticed Crazy Yiuf
  1826 | D:2      | Killed Crazy Yiuf
  1827 | D:2      | Reached skill level 5 in Fighting
  1827 | D:2      | Reached XP level 5. HP: 33/46 MP: 4/4
  2174 | D:3      | Found a faded altar of an unknown god.
  2185 | D:3      | Reached skill level 5 in Long Blades
  2208 | D:3      | Noticed a sky beast
  2360 | D:3      | Found a blossoming altar of Fedhas.
  2398 | D:3      | Noticed lasso's ghost (amateur GnCj)
  2399 | D:3      | Found a transporter.
  2463 | D:3      | Found a transporter.
  2573 | D:3      | Found a hazy altar of Hepliaklqana.
  2839 | D:3      | Killed a sky beast
  2840 | D:3      | Reached XP level 6. HP: 56/56 MP: 5/5
  2844 | D:3      | Killed lasso's ghost
  2845 | D:3      | Reached skill level 5 in Armour
  2930 | D:4      | Reached skill level 6 in Long Blades
  2951 | D:4      | Reached skill level 1 in Shields
  3070 | D:4      | Reached *** piety under Trog
  3081 | D:4      | Reached XP level 7. HP: 38/61 MP: 6/6
  3354 | D:4      | Found a transporter.
  3354 | D:4      | Found a transporter.
  3355 | D:4      | Noticed gnacko's ghost (amateur MiBe)
  3357 | D:4      | Identified the +9 dire flail of Waoh Wikh {freeze, *Drain
                  | rF++ Stlth+}
  3516 | D:4      | Found an iron altar of Okawaru.
  3683 | D:4      | Found a sacrificial altar of Ru.
  3823 | D:4      | HP: 3/61 [gnacko's ghost (5)]
  3823 | D:4      | Mangled by gnacko's ghost

Illustrated notes

Levels and vault maps discovered:
D:1:      ldierk_walled_garden_2, layout_basic
D:2:      layout_loops_corners, nicolae_overflow_crystal_walls,
          uniq_crazy_yiuf_cottage
D:3:      layout_basic, nicolae_overflow_hidden_temple, marbit_many_paths,
          gammafunk_ghost_arena, chequers_ecumenical_altar_twisty,
          grunt_decor_fettered
D:4:      layout_cave_pools, kennysheep_mini_moat, gammafunk_ghost_smash,
          nicolae_ru_awakened_eye

Skill      XL: |  1  2  3  4  5  6 |
---------------+-------------------+-----
Fighting       | 4 5 |  5.6
Long Blades    | 4 5 6 |  6.5
Armour         | 3 4 5 |  5.7
Dodging        | 3 |  3.3
Shields        | 1 |  1.9
Throwing       | |  0.2
Stealth        | |  0.8

Action                   |  1- 3 |  4- 6 |  7- 9 || total
-------------------------+-------+-------+-------++-------
Melee: Falchion          |    51 |   122 |    72 ||   245
       Headbutt          |    10 |    24 |     9 ||    43
Throw: Boomerang         |       |       |     5 ||     5
       Dart              |       |       |     2 ||     2
Invok: Berserk           |       |     2 |     1 ||     3
       Trog's Hand       |       |     1 |     2 ||     3
  Use: Scroll            |     2 |     2 |     1 ||     5
       Potion            |       |       |     2 ||     2
Armor: Ring mail         |    15 |     5 |       ||    20
       Animal skin       |     1 |       |       ||     1
       Scale mail        |       |    48 |    18 ||    66
Dodge: Dodged            |    34 |    62 |    27 ||   123
Block: Buckler           |       |     8 |    10 ||    18
       Rpst.: Falchion   |    12 |    19 |    13 ||    44
